 Dungeon Crawl Stone Soup version 0.23-a0-644-gb60d84b (webtiles) character file.

177 Borgoz the Sneak (level 5, -6/32 HPs)
             Began as a Kobold Assassin on Jan 2, 2019.
             Mangled by a river rat (7 damage)
             ... in a sewer.
             The game lasted 00:06:29 (2682 turns).

Borgoz the Sneak (Kobold Assassin)                  Turns: 2682, Time: 00:06:29

Health: -6/32      AC:  2    Str:  7 (9)  XL:     5   Next: 87%
Magic:  5/5        EV: 16    Int: 11 (12) God:
Gold:   153        SH:  0    Dex: 16 (19) Spells: 4/4 levels left

rFire    + + .     SeeInvis .   a - +2 dagger
rCold    + + .     Gourm    .   (shield restricted)
rNeg     . . .     Faith    .   c - +0 robe
rPois    +         Spirit   .   (helmet restricted)
rElec    +         Reflect  .   l - scarf {rC+ rF+}
rCorr    +         Harm     .   (no gloves)
MR       .....                  (no boots)
Stlth    +++.......             (no amulet)
HPRegen  0.10/turn              (no ring)
MPRegen  0.09/turn              (no ring)

@: resistant
A: small, horns 1, agile 1, carnivore
a: no special abilities


You were in a sewer.
You were completely stuffed.

You visited 1 branch of the dungeon, and saw 3 of its levels.
You also visited: Sewer.

You collected 153 gold pieces.

Inventory:

Hand Weapons
 a - a +2 dagger (weapon)
 b - a +0 blowgun
 h - a +0 vampiric whip
Missiles
 q - a curare-tipped needle
 r - 5 poisoned needles
Armour
 c - a +0 robe (worn)
 d - a +0 cloak
 l - a scarf of resistance (worn)
Jewellery
 e - an uncursed ring of magical power
Comestibles
 g - 7 rations
 m - 4 chunks of flesh


   Skills:
 + Level 3.5 Fighting
 + Level 4.3 Short Blades
 - Level 2.1 Throwing
 + Level 3.3 Dodging
 + Level 6.5 Stealth


You had 4 spell levels left.
You didn't know any spells.
Your spell library was empty.

Dungeon Overview and Level Annotations

Branches:
Dungeon (3/15)

Altars:
Trog


Innate Abilities, Weirdness & Mutations

You are small and have problems with some larger weapons.
You are carnivorous and can eat meat at any time.
You have a pair of small horns on your head.
You are agile. (Dex +2)


Message History

The river rat misses you.
You hit the river rat but do no damage.
The river rat is almost dead.
You hit the river rat but do no damage.
The river rat is almost dead.
The river rat closely misses you.
You hit the river rat but do no damage.
You headbutt the river rat, but do no damage.
The river rat is almost dead.
The river rat bites you!
* * * LOW HITPOINT WARNING * * *
You aren't carrying any potions.
You closely miss the river rat.
You headbutt the river rat, but do no damage.
The river rat is almost dead.
The river rat misses you.
You closely miss the river rat.
The river rat is almost dead.
The river rat bites you!
You die...

#≈#
#.#
#.#
#.#
#.#
#.#
#†#
#@#
#r#
#r#
#.#
#.#
#.#
#.#
###


You could see 2 river rats.

Vanquished Creatures
  An orc wizard (D:3)
  Terence (D:2)
  Robin (D:1)
  2 adders (D:2)
  2 river rats
  An ooze (D:2)
  2 worms
  A dart slug (D:1)
  3 leopard geckos
  4 orcs (D:3)
  A giant cockroach (D:2)
  5 hobgoblins
  5 bats
  3 frilled lizards (D:1)
  13 goblins
  8 kobolds
  11 rats
64 creatures vanquished.

Notes
Turn   | Place    | Note
-------+----------+-------------------------------------------
     0 | D:1      | Borgoz the Kobold Assassin began the quest for the Orb.
     0 | D:1      | Reached XP level 1. HP: 12/12 MP: 1/1
   328 | D:1      | Reached XP level 2. HP: 16/18 MP: 2/2
   807 | D:2      | Reached XP level 3. HP: 22/22 MP: 3/3
  1055 | D:2      | Noticed Robin
  1239 | D:1      | Killed Robin
  1326 | D:2      | Reached XP level 4. HP: 15/27 MP: 4/4
  1505 | D:2      | Reached skill level 6 in Stealth
  1530 | D:2      | Found a bloodstained altar of Trog.
  1837 | D:2      | Noticed Terence
  1862 | D:2      | Killed Terence
  1862 | D:2      | Reached XP level 5. HP: 18/32 MP: 5/5
  2211 | D:2      | Found a faded altar of an unknown god.
  2604 | D:3      | Found a glowing drain.
  2626 | Sewer    | Entered a sewer
  2627 | Sewer    | Gained mutation: You are agile. (Dex +2) [potion of
                  | mutation]
  2627 | Sewer    | Gained mutation: You have a pair of small horns on your
                  | head. [potion of mutation]
  2680 | Sewer    | HP: 1/32 [river rat (8)]
  2682 | Sewer    | Mangled by a river rat

Vault maps used:
D:1:      dpeg_chamrin_arrival_tetris
D:2:      nicolae_overflow_crystal_walls, chequers_ecumenical_altar_twisty,
          first_ration, grunt_ministairs_9, uniq_robin, uniq_terence
D:3:      portal_sewer_entry_a, fountainhead
Sewer:    sewer_kobolds

Skill      XL: |  1  2  3  4  5 |
---------------+----------------+-----
Short Blades   | 3 4 |  4.3
Dodging        | 2 3 |  3.3
Stealth        | 6 |  6.5
Fighting       | 3 |  3.5
Throwing       | |  2.1

Action                   |  1- 3 |  4- 6 || total
-------------------------+-------+-------++-------
Melee: Dagger            |   104 |   139 ||   243
       Headbutt          |       |     3 ||     3
 Fire: Blowgun           |     4 |    19 ||    23
Throw: Throwing net      |       |     1 ||     1
  Use: Scroll            |     1 |     3 ||     4
       Potion            |       |     5 ||     5
 Stab: Sleeping          |     7 |     4 ||    11
       Held in net/web   |       |     1 ||     1
  Eat: Chunk             |     4 |    10 ||    14
Armor: Robe              |    16 |    10 ||    26
       Skin              |       |    48 ||    48
Dodge: Dodged            |    85 |    81 ||   166

Table legend:
 A = Non-vault XP
 B = Vault XP
 C = Vault XP percentage of total XP
 D = Non-vault monster count
 E = Vault monster count
 F = Vault count percentage of total count
                 A         B        C        D         E       F
            +---------+---------+-------+---------+---------+-------
      Total |     147 |     106 |  41.9 |      46 |      18 |  28.1
            +---------+---------+-------+---------+---------+-------
        D:1 |      29 |      17 |  37.0 |      19 |       2 |   9.5
        D:2 |      50 |      61 |  55.0 |      15 |      12 |  44.4
        D:3 |      68 |      13 |  16.0 |      12 |       1 |   7.7
      Sewer |       0 |      15 | 100.0 |       0 |       3 | 100.0
            +---------+---------+-------+---------+---------+-------
